 Seeded DCSS version 0.30-a0-824-g6c64550be9 (webtiles) character file.

Game seed: 9545873883287505910 (custom seed)

103 hikkokomori the Stinger (level 4, -7/36 HPs)
             Began as a Demigod Venom Mage on Feb 28, 2023.
             Mangled by an iguana (9 damage)
             ... on level 4 of the Dungeon.
             The game lasted 00:03:21 (3491 turns).

hikkokomori the Stinger (Demigod Venom Mage)        Turns: 3491, Time: 00:03:21

Health: -7/36      AC:  5    Str: 17    XL:     4   Next: 27%
Magic:  10/10      EV: 12    Int: 20    God:
Gold:   13         SH:  0    Dex: 19    Spells: 7/8 levels left

rFire   + . .      SeeInvis .    n - +9 war axe of Kish {vamp, *Corrode rF+ Int+3 Dex+3}
rCold   . . .      Faith    .    (no shield)
rNeg    . . .      Spirit   .    q - +2 robe of Savvapax {Str+4 Dex+2}
rPois   .          Reflect  .    (no helmet)
rElec   .          Harm     .    (no cloak)
rCorr   +          Rampage  .    (no gloves)
Will    .....                    f - +0 pair of boots
Stlth   ++                       (no amulet)
HPRegen 0.26/turn                l - ring of resist corrosion
MPRegen 0.12/turn                (no ring)

@: no status effects
A: high MP 1, forlorn, divine attributes
a: no special abilities


You were on level 4 of the Dungeon.
You visited 1 branch of the dungeon, and saw 4 of its levels.

You collected 144 gold pieces.
You spent 131 gold pieces at shops.

Inventory:

Hand Weapons
 c - a +0 dagger
 e - a +0 falchion
 n - the +9 war axe of Kish (weapon) {vamp, *Corrode rF+ Int+3 Dex+3}
   (You found it on level 3 of the Dungeon)

   Int:       It affects your intelligence (+3).
   Dex:       It affects your dexterity (+3).
   rF:        It protects you from fire.
   *Corrode:  It may corrode you when you take damage.
Armour
 a - a +0 robe
 f - a +0 pair of boots (worn)
 q - the +2 robe of Savvapax (worn) {Str+4 Dex+2}
   (You bought it in a shop on level 4 of the Dungeon)

   Str:       It affects your strength (+4).
   Dex:       It affects your dexterity (+2).
Jewellery
 l - a ring of resist corrosion (left hand)
Scrolls
 d - a scroll of amnesia {unknown}
 g - a scroll of vulnerability {unknown}
 j - 4 scrolls of identify {unknown}
 m - a scroll of acquirement {unknown}
 o - a scroll of teleportation {unknown}
Potions
 b - a potion of magic
 h - 2 potions of curing {unknown}
 i - a potion of brilliance {unknown}
 k - 4 potions of flight {unknown}
 p - a potion of degeneration {unknown}
 r - a potion of might {unknown}


   Skills:
 + Level 1.6 Fighting
 + Level 0.6 Axes
 - Level 1.7 Dodging
 - Level 2.4 Stealth
 + Level 2.5 Spellcasting
 - Level 0.8 Transmutations
 + Level 3.3 Poison Magic


You had 7 spell levels left.
You knew the following spells:

 Your Spells              Type           Power      Damage    Failure   Level
a - Sting                 Tmut/Pois      44%        1d5       6%          1

Your spell library contained the following spells:

 Spells                   Type           Power      Damage    Failure   Level
 Poisonous Vapours        Pois/Air       18%        N/A       12%         2
 Foxfire                  Conj/Fire      8%         2x1d4     16%         1
 Lesser Beckoning         Tloc           4%         N/A       22%         2
 Mephitic Cloud           Conj/Pois/Air  7%         N/A       28%         3
 Olgreb's Toxic Radiance  Pois           15%        N/A       36%         4
 Gell's Gravitas          Tloc           2%         N/A       41%         3
 Teleport Other           Tloc           2%         N/A       41%         3
 Flame Wave               Conj/Fire      2%         2d4       83%         4
 Lightning Bolt           Conj/Air       1%         1d12      99%         5


Dungeon Overview and Level Annotations

Branches:
Dungeon (4/15)
 Temple: D:4-7

Shops:
D:2 [   D:4 [


Innate Abilities, Weirdness & Mutations

You have an increased reservoir of magic. (+10% MP)
You shall have no god before yourself.
Your divine heritage dramatically boosts your attributes as you level up.


Message History

A goblin comes into view. It is wielding a +0 dagger.
The goblin drinks a potion.
The goblin seems to speed up.
The worm bites you.
The hound barks!
You hit the worm.
The worm is almost dead.
You hit the iguana. The iguana bites you. The worm bites you!
You slash the worm!
You kill the worm!
You completely miss the iguana. The iguana bites you!
* * * LOW HITPOINT WARNING * * *
The iguana completely misses you.
You are too injured to fight recklessly!
You are too injured to fight recklessly!
You are too injured to fight recklessly!
You are too injured to fight recklessly!
You are too injured to fight recklessly!
You are too injured to fight recklessly!
You are too injured to fight recklessly!
You are too injured to fight recklessly!
You are too injured to fight recklessly!
You are too injured to fight recklessly!
You are too injured to fight recklessly!
You are too injured to fight recklessly!
You are too injured to fight recklessly!
You are too injured to fight recklessly!
You are too injured to fight recklessly!
You are too injured to fight recklessly!
You slash the orc!
You kill the orc!
You barely miss the iguana. The iguana bites you.
* * * LOW HITPOINT WARNING * * *
You slash the iguana!
You feel better.
The iguana is almost dead.
You miss the goblin. You slash the hound!
You feel better. The goblin completely misses you.
The hound closely misses you. The iguana bites you!
* * * LOW HITPOINT WARNING * * *
The goblin closely misses you. The hound barely misses you.
The iguana bites you!
You die...

.............##....##.#.
.................#.#....
........##.####..#...^..
........................
...........##..........#
.........#.............#
.........###............
.........# #.....l......
....... ##...@g....#.
....# ........h....#
.........$.....
...........#....
.............#..
.............# .
..........#.#
.............


You could see an iguana, a hound and a goblin (fast).

Vanquished Creatures
  2 adders
  An ufetubus (D:4)
  2 worms
  A dart slug (D:2)
  An orc (D:4)
  4 ball pythons
  4 bats
  7 endoplasms
  6 giant cockroaches
  8 hobgoblins
  4 jackals (D:1)
  3 quokkas
  2 frilled lizards
  7 goblins
  7 kobolds
  3 rats
62 creatures vanquished.

Notes
Turn   | Place    | Note
-------+----------+-------------------------------------------
     0 | D:1      | hikkokomori the Demigod Venom Mage began the quest for the
                  | Orb.
     0 | D:1      | Reached XP level 1. HP: 14/14 MP: 5/5
    91 | D:1      | Got the Vellum of the Eleven Servitors
   441 | D:1      | Reached XP level 2. HP: 22/22 MP: 4/7
   892 | D:2      | Found Talekk's Armour Shoppe.
   917 | D:2      | Reached skill level 1 in Fighting
   917 | D:2      | Reached skill level 3 in Poison Magic
  1218 | D:2      | Reached XP level 3. HP: 28/28 MP: 6/8
  2711 | D:3      | Identified the +9 war axe of Kish {vamp, *Corrode rF+ Int+3
                  | Dex+3}
  3195 | D:3      | Reached XP level 4. HP: 35/35 MP: 10/10
  3367 | D:4      | Found Roitt's Antique Armour Emporium.
  3396 | D:4      | Bought an ichor-stained robe for 131 gold pieces
  3396 | D:4      | Identified the +2 robe of Savvapax {Str+4 Dex+2} (You
                  | bought it in a shop on level 4 of the Dungeon)
  3491 | D:4      | Mangled by an iguana

Illustrated notes

Levels and vault maps discovered:
D:1:      doesnt_arrival_eight_statues, layout_loops_ring,
          ebering_ecumenical_altar_petrified
D:2:      layout_loops_corners, serial_shops, shop
D:3:      layout_basic
D:4:      layout_rooms, mainiacjoe_overflow_large_starburst,
          minmay_temple_entry_offerings, serial_shops, shop_statue,
          amethyst_killhole, supply_closet_lemuel

Skill      XL: |  1  2 |
---------------+-------+-----
Stealth        | 2 |  2.4
Spellcasting   | 2 |  2.5
Fighting       | 1 |  1.6
Poison Magic   | 3 |  3.3
Axes           | |  0.6
Dodging        | |  1.7
Transmutations | |  0.8

Action                     |  1- 3 |  4- 6 || total
---------------------------+-------+-------++-------
  Melee: Dagger            |    61 |       ||    61
         Unarmed           |     2 |       ||     2
         War axe           |    23 |    21 ||    44
   Cast: Sting             |    80 |       ||    80
   Stab: Sleeping          |       |     1 ||     1
 Armour: Robe              |    35 |     8 ||    43
  Dodge: Dodged            |   100 |    18 ||   118

Table legend: (Time is in decaauts)
 A = Elapsed time spent in this place.
 B = Non-inter-level travel time spent in this place.
 C = Inter-level travel time spent in this place.
 D = Time resting spent in this place.
 E = Time spent auto-exploring this place.
 F = Levels seen in this place.
 G = Mean time per level.
                   A        B        C        D        E       F      G
               +--------+--------+--------+--------+--------+-----+--------+
         Total |   3510 |   3448 |     62 |    100 |   2839 |   4 |  877.5 |
       Dungeon |   3510 |   3448 |     62 |    100 |   2839 |   4 |  877.5 |
               +--------+--------+--------+--------+--------+-----+--------+

Top non-repeatable levels by time:
     D:2: 1372 daAuts
     D:3: 1116 daAuts
     D:1: 891 daAuts
     D:4: 130 daAuts
